 Dungeon Crawl Stone Soup version 0.30-b1-2-g02819fbbbe (webtiles) character file.

Game seed: 9432444029677999659

3480 LLlMATKO the Cleaver (level 9, 0/83 HPs)
             Began as a Minotaur Berserker on Aug 10, 2023.
             Was a Priest of Trog.
             Slain by a two-headed ogre
             ... wielding a +0 giant club
              (3 damage)
             ... on level 9 of the Dungeon.
             The game lasted 00:06:04 (7692 turns).

LLlMATKO the Cleaver (Minotaur Berserker)           Turns: 7692, Time: 00:06:05

Health: 0/83       AC: 13    Str: 31    XL:     9   Next: 79%
Magic:  8/8        EV: 19    Int:  4    God:    Trog [***...]
Gold:   523        SH:  0    Dex: 11    Spells: 8/8 levels left

rFire   . . .        E - +0 war axe
rCold   . . .        (no shield)
rNeg    . . .        h - +0 ring mail
rPois   .            M - +0 hat
rElec   .            t - +0 cloak
rCorr   .            b - +1 pair of gloves
SInv    .            K - +1 pair of boots {Stlth+}
Will    .....        (no amulet)
Stlth   ++           e - +6 ring of strength
HPRegen 0.33/turn    j - +5 ring of evasion
MPRegen 0.11/turn

%: no passive effects
@: slowed, very slow
A: horns 2, retaliatory headbutt
a: Renounce Religion, Berserk, Trog's Hand


You were on level 9 of the Dungeon.
You worshipped Trog.
Trog was most pleased with you.
You visited 1 branch of the dungeon, and saw 9 of its levels.

You collected 523 gold pieces.

Inventory:

Hand Weapons
 E - a +0 war axe (weapon)
 N - the +6 spear "Cigiem" {antimagic, rC+ rN++ Int-4 Dex+2}
   (You found it on level 7 of the Dungeon)

   Int:       It affects your intelligence (-4).
   Dex:       It affects your dexterity (+2).
   rC:        It protects you from cold.
   rN:        It greatly protects you from negative energy.
Missiles
 m - 5 silver boomerangs (quivered)
 A - 18 poisoned darts
 P - a curare-tipped dart
Armour
 b - a +1 pair of gloves (worn)
 h - a +0 ring mail (worn)
 t - a +0 cloak (worn)
 K - a +1 pair of boots of stealth (worn)
 M - a +0 hat (worn)
Jewellery
 a - an amulet of regeneration
 e - a +6 ring of strength (left hand)
 j - a +5 ring of evasion (right hand)
 u - a +6 ring of dexterity
 C - a ring of resist corrosion
Wands
 F - a wand of paralysis (5)
 H - a wand of roots (8)
 O - a wand of mindburst (12)
Scrolls
 c - 2 scrolls of fog {unknown}
 g - a scroll of fear {unknown}
 n - 5 scrolls of immolation {unknown}
 o - a scroll of torment {unknown}
 p - 4 scrolls of amnesia {unknown}
 q - 2 scrolls of identify {unknown}
 r - a scroll of enchant armour {unknown}
 s - a scroll of noise {unknown}
 w - a scroll of enchant weapon {unknown}
 y - 3 scrolls of teleportation {unknown}
 B - 2 scrolls of magic mapping {unknown}
 D - a scroll of brand weapon {unknown}
 G - a scroll of silence {unknown}
 I - a scroll of blinking {unknown}
 L - a scroll of vulnerability {unknown}
Potions
 d - 5 potions of haste
 f - a potion of attraction {unknown}
 i - 2 potions of heal wounds
 k - a potion of berserk rage {unknown}
 l - a potion of degeneration {unknown}
 v - 2 potions of lignification {unknown}
 x - 2 potions of curing {unknown}
 z - a potion of brilliance {unknown}
 J - a potion of cancellation {unknown}


   Skills:
 + Level 9.2 Fighting
 + Level 9.2 Axes
 + Level 8.7 Armour
 + Level 8.0 Dodging


You had 8 spell levels left.
You didn't know any spells.
Your spell library was empty.

Dungeon Overview and Level Annotations

Branches:
Dungeon (9/15)             Temple (0/1) D:6
   Lair: D:8-11         Orc: D:9-12

Altars:
Ashenzari
Hepliaklqana
Kikubaaqudgha
Qazlal
Sif Muna
Uskayaw
Xom
Yredelemnul
The Shining One

Shops:
D:1 [   D:2 !   D:5 =   D:8 ?


Innate Abilities, Weirdness & Mutations

You have a pair of horns on your head.
You reflexively headbutt those who attack you in melee.


Message History

Unknown command.
Done exploring.
(D) Dungeon (T) Temple
Where to? (Enter - D:8 @ (x,y), ? - help)
There is a stone staircase leading down here.
You climb downwards.
Found a short sword and a plate armour.
There is a stone staircase leading up here.
A two-headed ogre comes into view.
It is wielding a +0 giant club and a +0 giant spiked club.
Found 6 boomerangs.
Found a stone staircase leading down.
You see here a +0 short sword.
A hornet comes into view.
The hornet buzzes angrily.
The two-headed ogre shouts in stereo!
You slash the hornet!
The hornet is moderately wounded.
The hornet closely misses you. You furiously retaliate!
You headbutt the hornet. You hit the hornet but do no damage.
You headbutt the hornet! Your punch misses the hornet.
The hornet is severely wounded.
The hornet stings you!
You feel yourself slow down. The hornet stings you!
You feel as though you will be slow longer.
You slash the hornet!
You kill the hornet!
Trog accepts your kill.
You barely miss the two-headed ogre.
The two-headed ogre hits you with a +0 giant club!!
The two-headed ogre barely misses you.
Your Dodging skill increases to level 8!
You slash the two-headed ogre!
The two-headed ogre is lightly wounded.
The two-headed ogre hits you with a +0 giant club!!
* * * LOW HITPOINT WARNING * * *
The two-headed ogre hits you with a +0 giant spiked club!
* * * LOW HITPOINT WARNING * * *
You barely miss the two-headed ogre.
The two-headed ogre is lightly wounded.
The two-headed ogre hits you with a +0 giant club.
You die...

####. #.....
###.#########...#..
.....[.<.).........
###########@O⌠.⌠..#
#.........
#.⌠.....⌠.
#....>.(..
##.......#
##.....## ######


You could see a two-headed ogre.

Vanquished Creatures
  A two-headed ogre (D:8)
  A hornet (D:9)
  Grinder (D:3)
  Menkaure (D:6)
  An acid dragon (D:7)
  A water moccasin (D:8)
  An orc warrior (D:7)
  3 black bears
  2 ice beasts
  3 ogres
  3 centaurs
  2 kobold brigands (D:8)
  5 killer bees (D:8)
  A howler monkey (D:7)
  Crazy Yiuf (D:2)
  4 hounds
  4 orc priests (D:7)
  2 sleepcaps (D:7)
  A gnoll bouda (D:6)
  2 orc wizards
  2 iguanas
  4 gnolls (D:6)
  15 adders
  A shadow imp (D:6)
  A white imp (D:7)
  2 ufetubi
  2 dart slugs
  8 orcs
  9 ball pythons
  7 endoplasms
  5 giant cockroaches
  4 hobgoblins
  7 jackals
  3 quokkas
  A bat (D:1)
  2 frilled lizards (D:3)
  5 goblins
  16 kobolds
  3 rats
  A bush (D:2)
138 creatures vanquished.

Vanquished Creatures (others)
  3 fungi (D:2)
  6 plants (D:4)
9 creatures vanquished.

Grand Total: 147 creatures vanquished

Notes
Turn   | Place    | Note
-------+----------+-------------------------------------------
     0 | D:1      | LLlMATKO the Minotaur Berserker began the quest for the
                  | Orb.
     0 | D:1      | Reached XP level 1. HP: 19/19 MP: 0/0
   426 | D:1      | Reached XP level 2. HP: 23/27 MP: 1/1
   835 | D:1      | Found Qeagun's Antique Armour Emporium.
  1242 | D:2      | Reached XP level 3. HP: 33/33 MP: 2/2
  1465 | D:2      | Found Kic Wun's Distillery.
  2239 | D:2      | Found a runed translucent door.
  2240 | D:2      | Noticed Crazy Yiuf
  2248 | D:2      | Killed Crazy Yiuf
  2249 | D:2      | Reached XP level 4. HP: 41/41 MP: 3/3
  2261 | D:2      | Identified the +1 hammer of Action {venom, rElec rCorr
                  | Int-3 SInv}
  2522 | D:3      | Found an ancient bone altar of Kikubaaqudgha.
  2989 | D:3      | Reached ** piety under Trog
  2990 | D:3      | Reached XP level 5. HP: 47/47 MP: 4/4
  3114 | D:3      | Noticed Grinder
  3120 | D:3      | Paralysed by Grinder for 3 turns
  3129 | D:3      | Paralysed by Grinder for 2 turns
  3138 | D:3      | Paralysed by Grinder for 4 turns
  3143 | D:3      | Killed Grinder
  3144 | D:3      | Reached skill level 5 in Fighting
  3144 | D:3      | Reached skill level 5 in Axes
  3144 | D:3      | Reached XP level 6. HP: 27/56 MP: 5/5
  4008 | D:5      | Entered Level 5 of the Dungeon
  4016 | D:5      | Reached skill level 5 in Armour
  4016 | D:5      | Reached XP level 7. HP: 62/62 MP: 6/6
  4190 | D:5      | Found Suibiupe's Jewellery Shoppe.
  4720 | D:6      | Reached skill level 5 in Dodging
  5091 | D:6      | Found a staircase to the Ecumenical Temple.
  5251 | D:6      | Noticed Menkaure
  5255 | D:6      | You fall into a shaft and drop 3 floors!
  5436 | D:8      | Found a hide-covered altar of Uskayaw.
  5436 | D:8      | Found a glowing golden altar of the Shining One.
  5436 | D:8      | Found a hazy altar of Hepliaklqana.
  5436 | D:8      | Found a broken altar of Ashenzari.
  5507 | D:8      | Reached XP level 8. HP: 61/71 MP: 7/7
  5541 | D:7      | Found a basalt altar of Yredelemnul.
  5621 | D:7      | Reached *** piety under Trog
  6013 | D:6      | Found a staircase to the Ecumenical Temple.
  6031 | D:6      | Killed Menkaure
  6664 | D:7      | Identified the +6 spear "Cigiem" {antimagic, rC+ rN++ Int-4
                  | Dex+2}
  6689 | D:7      | Reached XP level 9. HP: 56/81 MP: 8/8
  6859 | D:7      | Found a stormy altar of Qazlal.
  7089 | D:8      | Found a shimmering altar of Xom.
  7128 | D:8      | Noticed a two-headed ogre
  7135 | D:8      | Killed a two-headed ogre
  7216 | D:8      | Found Rukhlocekk's Magic Scroll Shoppe.
  7300 | D:8      | Identified the +8 quarterstaff "Hegaf" {freeze, SInv}
  7445 | D:8      | Found a shimmering blue altar of Sif Muna.
  7684 | D:9      | Noticed a two-headed ogre
  7691 | D:9      | HP: 2/83 [two-headed ogre/+0 giant club (12)]
  7692 | D:9      | Slain by a two-headed ogre

Illustrated notes

Levels and vault maps discovered:
D:1:      wander_arrival_estate, layout_basic, serial_shops, shop,
          minmay_pentomino_s4
D:2:      layout_loops_corners, serial_shops, nicolae_shop_hallway_plus,
          uniq_crazy_yiuf_cottage
D:3:      minmay_wonky_spiral, layout_basic, mainiacjoe_overflow_alcove_1,
          uniq_grinder
D:4:      layout_rooms, serial_bayou_lagoon_a
D:5:      layout_loops_ring, serial_shops, nicolae_shop_gaudy_bauble,
          minmay_misc_feat_encased, grunt_decor_mini_mirrors,
          dreamdust_mushroom_princess
D:6:      layout_cave_pods, minmay_temple_entry_mist, uniq_menkaure
D:7:      layout_cave_pools, nicolae_qazlal_general_emergency,
          nicolae_overflow_hidden_temple
D:8:      layout_basic, chequers_temple_overflow_statue_of_worship,
          kennysheep_mini, general_overflow_altar, serial_shops,
          nicolae_shop_window_shopping, minivault_27
D:9:      layout_loops_ring, erik_lair_island, serial_shops,
          nicolae_take_the_stairs, grunt_ministairs_9,
          kennysheep_generic_room_10

Skill      XL: |  1  2  3  4  5  6  7  8  9 |
---------------+----------------------------+-----
Fighting       | 4 5 6 8 9 |  9.2
Axes           | 4 5 6 8 9 |  9.2
Armour         | 3 4 5 6 7 8 |  8.7
Dodging        | 3 4 5 6 8 |  8.0

Action                     |  1- 3 |  4- 6 |  7- 9 || total
---------------------------+-------+-------+-------++-------
  Melee: Hand axe          |   103 |   122 |       ||   225
         Headbutt          |    25 |    11 |    21 ||    57
         Punch             |     1 |       |     2 ||     3
         War axe           |       |     9 |   150 ||   159
 Invoke: Berserk           |     1 |     2 |     4 ||     7
 Armour: Animal skin       |     8 |       |       ||     8
         Ring mail         |    10 |    35 |    55 ||   100
  Dodge: Dodged            |    37 |   102 |   174 ||   313
